 Dungeon Crawl Stone Soup version 0.30-a0-913-g9934a0ce24 (webtiles) character file.

Game seed: 14560987441960000415

115 Sobieck the Sneak (level 4, -6/21 HPs)
             Began as a Spriggan Earth Elementalist on Mar 19, 2023.
             Killed by nerve-wracking pain
             ... invoked by an orc priest
              (14 damage)
             ... on level 3 of the Dungeon.
             The game lasted 00:04:24 (2779 turns).

Sobieck the Sneak (Spriggan Earth Elementalist)     Turns: 2779, Time: 00:04:25

Health: -6/21      AC:  2    Str:  4    XL:     4   Next: 68%
Magic:  10/10      EV: 17    Int: 18    God:
Gold:   204        SH:  0    Dex: 15    Spells: 7/10 levels left

rFire   . . .      SeeInvis +    y - +1 short sword (flame) {short}
rCold   . . .      Faith    .    (no shield)
rNeg    . . .      Spirit   .    a - +0 robe
rPois   .          Reflect  .    (helmet restricted)
rElec   .          Rampage  .    (no cloak)
rCorr   .                        (gloves unavailable)
Will    .....                    (boots unavailable)
Stlth   +++                      (no amulet)
HPRegen 0.23/turn                (no ring)
MPRegen 0.12/turn                (no ring)

@: very quick
A: very small, no large weapons, unfitting armour, see invisible, speed 3
a: no special abilities


You were on level 3 of the Dungeon.
You visited 1 branch of the dungeon, and saw 3 of its levels.

You collected 204 gold pieces.


Innate Abilities, Weirdness & Mutations

You are very small and have problems with some larger weapons.
You are too small for most types of armour.
You have supernaturally acute eyesight. (SInv)
You cover ground extremely quickly. (Speed+++)


   Skills:
 + Level 1.3 Short Blades
 - Level 2.6 Dodging
 + Level 4.9 Stealth
 + Level 3.9 Spellcasting
 - Level 1.3 Transmutations
 + Level 3.5 Earth Magic


You had 7 spell levels left.
You knew the following spells:

 Your Spells              Type           Power      Damage    Failure   Level
a - Sandblast             Erth           32%        2d9       3%          1
b - Passwall              Tmut/Erth      10%        N/A       9%          2

Your spell library contained the following spells:

 Spells                   Type           Power      Damage    Failure   Level
 Necrotise                Necr           12%        1d4       16%         1
 Stone Arrow              Conj/Erth      18%        3d8       22%         3
 Summon Guardian Golem    Hex/Summ       3%         N/A       41%         3
 Vampiric Draining        Necr           3%         2d6       41%         3
 Petrify                  Tmut/Erth      12%        N/A       47%         4
 Summon Ice Beast         Ice/Summ       3%         N/A       83%         4
 Agony                    Necr           3%         N/A       99%         5
 Summon Mana Viper        Hex/Summ       3%         N/A       99%         5
 Monstrous Menagerie      Summ           1%         N/A       100%        7
 Orb of Destruction       Conj           1%         9d5       100%        7
 Spellforged Servitor     Conj/Summ      1%         N/A       100%        7

Inventory:

Hand Weapons
 d - a +0 long sword {long}
   (You found it on level 1 of the Dungeon)
 g - a +0 spear {polearm}
   (You found it on level 1 of the Dungeon)
 o - a +0 club {mace}
   (You took it off a goblin on level 1 of the Dungeon)
 q - a +0 club {mace}
   (You took it off a goblin on level 1 of the Dungeon)
 s - a +0 short sword {short}
   (You took it off a kobold on level 2 of the Dungeon)
 y - a +1 short sword of flaming (weapon) {short}
   (You found it on level 2 of the Dungeon)
 B - a +0 rapier {short}
   (You found it on level 3 of the Dungeon)
Missiles
 h - 21 stones {throwing}
 n - 2 curare-tipped darts {=fthrowing}
 E - 6 poisoned darts {throwing}
Armour
 a - a +0 robe (worn)
 i - a +0 robe
   (You found it on level 1 of the Dungeon)
 v - a +0 robe
   (You found it on level 2 of the Dungeon)
Magical Staves
 A - a staff of conjuration {!a@e2staff}
   (You found it on level 3 of the Dungeon)
Jewellery
 j - a ring of positive energy
   (You found it on level 1 of the Dungeon)
Wands
 D - a wand of paralysis (3)
   (You found it on level 3 of the Dungeon)
Scrolls
 e - 3 scrolls of identify {unknown}
 l - 3 scrolls of butterflies {unknown}
 p - a scroll of fear {unknown}
 r - a scroll of enchant weapon {unknown}
 x - 2 scrolls of vulnerability {unknown}
 C - a scroll of amnesia {unknown}
Potions
 b - 2 potions of magic
 c - a potion of lignification {unknown}
 f - a potion of cancellation {unknown}
 k - a potion of brilliance {unknown}
 m - a potion of might {unknown}
 t - 2 potions of flight {unknown}
 u - a potion of mutation {unknown}
 w - 2 potions of curing {unknown}
 z - a potion of heal wounds {unknown}

Dungeon Overview and Level Annotations

Branches:
Dungeon (3/15) Zot: 15821

Altars:
Yredelemnul

Shops:
D:3

= ..# #..# #.##. #.#
#..# #†##. # # #.#
#..# #.##. . #.#.#
#..# #.##. #. #.#.#
#..#####.##. #.#
#..###....)).....
..###............#.~
#.#o##....########~
#@###.o### #♣
........###..#########
##########..o#.......#
#.#.#.#####†#
...#).o.####.#
#.#####.....#.# ...
....##.#.# ###
.#.###.#.#♣♣
........†..~~


You could see an orc priest.


Message History

You hit the jackal. You burn the jackal.
You kill the jackal!
Things that are here:
a jackal corpse; a jackal corpse You start resting.
Unknown command.
You start resting.
Unknown command.
Unknown command.
An orc comes into view.
It is wielding a +0 flail and quivering poisoned darts.
Danger!
The orc shouts!
Unknown command.
The orc shouts!
The blast of sand misses the orc.
The blast of sand hits the orc.
You kill the orc!
The orc throws a poisoned dart.
The poisoned dart closely misses you.
An orc priest comes into view. It is wielding a +0 hand axe.
The blast of sand hits the orc but does no damage.
The orc closely misses you.
The blast of sand misses the orc.
The orc misses you. The orc closely misses you.
The blast of sand hits the orc but does no damage.
The blast of sand hits the orc but does no damage.
The orc priest invokes the aid of Beogh against you.
Pain shoots through your body!
Ouch! That really hurt!
* * * LOW HITPOINT WARNING * * *
The orc hits you with a +0 flail.
* * * LOW HITPOINT WARNING * * *
The orc misses you.
Unknown command.
There is a stone staircase leading up here.
Danger!
Unknown command.
You climb upwards.
There is a stone staircase leading down here.
Unknown command.
You start resting.
You start resting.
You climb downwards.
The orc throws a stone.
The stone barely misses you.
There is a stone staircase leading up here.
Danger!
Unknown command.
The blast of sand hits the orc but does no damage.
The blast of sand hits the orc but does no damage.
The orc barely misses you. The orc hits you with a +0 short sword.
The blast of sand hits the orc but does no damage.
The orc hits you with a +0 short sword.
The blast of sand hits the orc!
You kill the orc!
The orc throws a poisoned dart.
The poisoned dart hits you!
You are poisoned.
You feel sick. The orc closely misses you.
You climb upwards.
You feel sick.
There is a stone staircase leading down here.
Unknown command.
You feel sick.
You feel sick.
The orc throws a poisoned dart.
The poisoned dart closely misses you.
You feel sick.
Casting: Sandblast (safe; 3% risk of failure)
Confirm with . or Enter, or press ? or * to list all spells.
Aiming: Sandblast (safe; 3% risk of failure)
Press: ? - help, Shift-Dir - straight line, f - you That would be overly suicidal.
Okay, then.
Unknown command.
Unknown command.
Casting: Sandblast (safe; 3% risk of failure)
Confirm with . or Enter, or press ? or * to list all spells.
Aiming: Sandblast (safe; 3% risk of failure)
Press: ? - help, Shift-Dir - straight line, f - orc
Aim: an orc, wielding a +0 flail, wearing a +0 chain mail and quivering poisoned darts (87% to hit)
The blast of sand hits the orc.
You feel sick.
You are no longer poisoned.
Casting: Sandblast (safe; 3% risk of failure)
Confirm with . or Enter, or press ? or * to list all spells.
Aiming: Sandblast (safe; 3% risk of failure)
Press: ? - help, Shift-Dir - straight line, f/p - orc
Aim: an orc, wielding a +0 flail, wearing a +0 chain mail and quivering poisoned darts (moderately wounded, 87% to hit)
The blast of sand hits the orc!
You kill the orc!
E - 6 poisoned darts {throwing}
Things that are here:
a +0 flail {mace}; a +0 chain mail; an orc corpse
There is a stone staircase leading down here.
There is a stone staircase leading down here.
You start resting.
You start resting.
Unknown command.
You climb downwards.
The orc priest mumbles some strange prayers to Beogh against you.
Pain shoots through your body!
Ouch! That really hurt!
* * * LOW HITPOINT WARNING * * *
The orc priest mumbles some strange prayers to Beogh against you.
Pain shoots through your body!
Ouch! That really hurt!
You die...

Skill      XL: |  1  2  3  4 |
---------------+-------------+-----
Spellcasting   | 3 |  3.9
Earth Magic    | 3 |  3.5
Stealth        | 4 |  4.9
Short Blades   | 1 |  1.3
Dodging        | |  2.6
Transmutations | |  1.3

Action                     |  1- 3 |  4- 6 || total
---------------------------+-------+-------++-------
  Melee: Short sword       |     1 |     8 ||     9
   Cast: Sandblast         |    65 |    39 ||   104
         Passwall          |       |     1 ||     1
   Stab: Sleeping          |     1 |     1 ||     2
 Armour: Robe              |     1 |     4 ||     5
  Dodge: Dodged            |    17 |    30 ||    47

Levels and vault maps discovered:
D:1:      lightli_arrival_windingriver, layout_basic,
          ebering_ecumenical_altar_webs
D:2:      layout_loops_ring
D:3:      layout_loops_ring, yredelemnul_altar_generic, serial_shops, shop,
          serial_bayou_lake_a, uniq_crazy_yiuf_cottage

Notes
Turn   | Place    | Note
-------+----------+-------------------------------------------
     0 | D:1      | Sobieck the Spriggan Earth Elementalist began the quest for
                  | the Orb.
     0 | D:1      | Reached XP level 1. HP: 9/9 MP: 5/5
   171 | D:1      | Reached skill level 3 in Spellcasting
   204 | D:1      | Reached XP level 2. HP: 13/13 MP: 4/7
   371 | D:1      | You pick up a book of Beasts and begin reading...
   371 | D:1      | You add the spells Summon Ice Beast, Summon Mana Viper and
                  | Monstrous Menagerie to your library.
   377 | D:1      | Reached skill level 3 in Earth Magic
   396 | D:1      | Found a faded altar of an unknown god.
   755 | D:1      | Reached skill level 4 in Stealth
   963 | D:1      | Reached XP level 3. HP: 16/16 MP: 6/8
  1147 | D:2      | Learned a level 2 spell: Passwall
  1180 | D:2      | You pick up a book of Dangerous Friends and begin
                  | reading...
  1180 | D:2      | You add the spells Summon Guardian Golem, Orb of
                  | Destruction and Spellforged Servitor to your library.
  1920 | D:2      | You pick up a book of Necromancy and begin reading...
  1920 | D:2      | You add the spells Necrotise, Vampiric Draining and Agony
                  | to your library.
  2124 | D:3      | Reached XP level 4. HP: 21/21 MP: 5/10
  2133 | D:3      | Reached skill level 1 in Short Blades
  2321 | D:3      | Found a basalt altar of Yredelemnul.
  2371 | D:3      | Found Soirieqi's Jewellery Shoppe.
  2639 | D:3      | HP: 4/21 [orc/+0 flail (6)]
  2779 | D:3      | Killed from afar by an orc priest

Vanquished Creatures
  3 adders
  3 worms
  3 dart slugs (D:1)
  3 orcs
  6 bats
  2 endoplasms
  8 giant cockroaches
  7 hobgoblins
  6 jackals (D:3)
  3 kobolds (D:2)
  3 quokkas
  6 ball pythons
  A frilled lizard (D:3)
  5 goblins
  2 rats
61 creatures vanquished.

Vanquished Creatures (others)
  17 plants (D:3)
17 creatures vanquished.

Grand Total: 78 creatures vanquished

Table legend:
 A = Non-vault XP
 B = Vault XP
 C = Vault XP percentage of total XP
 D = Non-vault monster count
 E = Vault monster count
 F = Vault count percentage of total count
                 A         B        C        D         E       F
            +---------+---------+-------+---------+---------+-------
      Total |     165 |       0 |   0.0 |      61 |       0 |   0.0
            +---------+---------+-------+---------+---------+-------
        D:1 |      42 |       0 |   0.0 |      20 |       0 |   0.0
        D:2 |      53 |       0 |   0.0 |      20 |       0 |   0.0
        D:3 |      70 |       0 |   0.0 |      21 |       0 |   0.0
            +---------+---------+-------+---------+---------+-------

Illustrated notes

Table legend:
 A = Kills in this place as a percentage of kills in the entire game.
 B = Kills by you in this place as a percentage of kills by you in the entire game.
 C = Kills by friends in this place as a percentage of kills by friends in the entire game.
 D = Other kills in this place as a percentage of other kills in the entire game.
 E = Experience gained in this place as a percentage of experience gained in the entire game.
 F = Experience gained in this place divided by the number of levels of this place that you have seen.
                   A       B       C       D       E      F
               +-------+-------+-------+-------+-------+----------------------
         Total | 100.0 | 100.0 |   N/A |   N/A | 100.0 |  55.0
       Dungeon | 100.0 | 100.0 |   N/A |   N/A | 100.0 |  55.0
               +-------+-------+-------+-------+-------+----------------------

Table legend: (Time is in decaauts)
 A = Elapsed time spent in this place.
 B = Non-inter-level travel time spent in this place.
 C = Inter-level travel time spent in this place.
 D = Time resting spent in this place.
 E = Time spent auto-exploring this place.
 F = Levels seen in this place.
 G = Mean time per level.
                   A        B        C        D        E       F      G
               +--------+--------+--------+--------+--------+-----+--------+
         Total |   2176 |   2132 |     44 |    185 |   1601 |   3 |  725.3 |
       Dungeon |   2176 |   2132 |     44 |    185 |   1601 |   3 |  725.3 |
               +--------+--------+--------+--------+--------+-----+--------+

Top non-repeatable levels by time:
     D:2: 852 daAuts
     D:1: 832 daAuts
     D:3: 491 daAuts
